| TOP OF THE 1ST |
|
Columbus Clippers batting - Pitching for Buffalo Bisons : RHP Jeff Reardon
|
|
Pitching: RHP Jeff Reardon
|
|
|
Batting: RHB Alex Taveras
|
0-0: Ball 1-0: Foul Ball, location: 2F 1-1: Ground out 1-3 (Groundball, 13, EV 72.5 MPH)
|
|
Batting: LHB Jordan Medrano
|
0-0: Fly out, F9 (Flyball, 9LS, EV 93.1 MPH)
|
|
Batting: RHB David Hall
|
0-0: Called Strike 0-1: Foul Ball, location: 2F 0-2: Ball 1-2: Ground out 5-3 (Groundball, 5, EV 88.8 MPH)
|
| Top of the 1st over - 0 runs, 0 hits, 0 errors, 0 left on base; Columbus 0 - Buffalo 0 |
| BOTTOM OF THE 1ST |
|
Buffalo Bisons batting - Pitching for Columbus Clippers : LHP Brooks Carey
|
|
Pitching: LHP Brooks Carey
|
|
|
Batting: RHB Juan Villa
|
0-0: Called Strike 0-1: Ball 1-1: DOUBLE (Line Drive, 7LS, EV 89.4 MPH)
|
|
Batting: RHB Carlos Matamoros
|
0-0: Ball 1-0: Ball 2-0: SINGLE (Line Drive, 8LS, EV 111.3 MPH) Juan Villa to third Runner from 3rd tries for Home, SAFE, throw by CF to home
|
|
Batting: SHB George D Wright
|
0-0: SINGLE (Groundball, 13S, EV 67.5 MPH) (infield hit) Carlos Matamoros to second
|
|
Batting: LHB Gary Rajsich
|
0-0: Ball 1-0: Swinging Strike 1-1: Fly out, F7 (Flyball, 7LS, EV 80.0 MPH)
|
|
Batting: LHB Phillip Baskerville
|
0-0: Called Strike 0-1: Swinging Strike 0-2: Foul Ball, location: 2F 0-2: Ball 1-2: SINGLE (Groundball, 6MD, EV 100.6 MPH) Carlos Matamoros to third George D Wright to second Runner from 3rd tries for Home, SAFE, throw by CF to home
|
|
Batting: LHB Bob Skube
|
0-0: Swinging Strike 0-1: Swinging Strike 0-2: Ball 1-2: Ball 2-2: Ball 3-2: Strikes out swinging
|
|
Batting: RHB John Seefried
|
0-0: Foul Ball, location: 2F 0-1: Ball 1-1: Ball 2-1: Foul Ball, location: 2F 2-2: Foul Ball, location: 2F 2-2: Foul Ball, location: 2F 2-2: Ground out 5-3 (Groundball, 56, EV 99.4 MPH)
|
| Bottom of the 1st over - 2 runs, 4 hits, 0 errors, 2 left on base; Columbus 0 - Buffalo 2 |
| TOP OF THE 2ND |
|
Columbus Clippers batting - Pitching for Buffalo Bisons : RHP Jeff Reardon
|
|
Batting: LHB George Kaage
|
0-0: Called Strike 0-1: Ball 1-1: Fly out, F9 (Flyball, 9, EV 89.4 MPH)
|
|
Batting: RHB Pedro Guerrero
|
0-0: Foul Ball, location: 2F 0-1: Ground out 6-3 (Groundball, 6, EV 105.6 MPH)
|
|
Batting: RHB Rod Allen
|
0-0: Ball 1-0: SOLO HOME RUN (Line Drive, 7LD, EV 106.9 MPH), Distance : 351 ft
|
|
Batting: LHB Barry Butera
|
0-0: Called Strike 0-1: Foul Ball, location: 2F 0-2: Ball 1-2: Foul Ball, location: 2F 1-2: Ball 2-2: Ball 3-2: SINGLE (Groundball, 34D, EV 99.4 MPH)
|
|
Batting: LHB Gene Gentile
|
0-0: Called Strike 0-1: Ball 1-1: Ball 2-1: SINGLE (Line Drive, 5D, EV 99.4 MPH) Barry Butera to second
|
|
Batting: RHB Larry Bowie
|
0-0: Ball 1-0: Ball 2-0: Fielders Choice at 2nd, 5-4 (Groundball, 5, EV 105.0 MPH)
|
| Top of the 2nd over - 1 run, 3 hits, 0 errors, 2 left on base; Columbus 1 - Buffalo 2 |
| BOTTOM OF THE 2ND |
|
Buffalo Bisons batting - Pitching for Columbus Clippers : LHP Brooks Carey
|
|
Batting: SHB George Zeber
|
0-0: Called Strike 0-1: Swinging Strike 0-2: Strikes out swinging
|
|
Batting: RHB Jaeden Rose
|
0-0: Ball 1-0: Ball 2-0: Swinging Strike 2-1: SINGLE (Groundball, 56D, EV 105.0 MPH)
|
|
Batting: RHB Juan Villa
|
0-0: Ball 1-0: Called Strike 1-1: Ball 2-1: Foul Ball, location: 2F 2-2: Fly out, F8 (Flyball, 8LD, EV 89.4 MPH)
|
|
Batting: RHB Carlos Matamoros
|
0-0: Foul Ball, location: 2F 0-1: Called Strike 0-2: Ball 1-2: Ball 2-2: Fly out, F9 (Flyball, 9, EV 78.8 MPH)
|
| Bottom of the 2nd over - 0 runs, 1 hit, 0 errors, 1 left on base; Columbus 1 - Buffalo 2 |
| TOP OF THE 3RD |
|
Columbus Clippers batting - Pitching for Buffalo Bisons : RHP Jeff Reardon
|
|
Batting: RHB Alex Taveras
|
0-0: Ground out 5-3 (Groundball, 5, EV 90.0 MPH)
|
|
Batting: LHB Jordan Medrano
|
0-0: Ball 1-0: Ground out 4-3 (Groundball, 4, EV 91.9 MPH)
|
|
Batting: RHB David Hall
|
0-0: Ball 1-0: Ball 2-0: Ball 3-0: Called Strike 3-1: Fly out, F9 (Flyball, 9LM, EV 92.5 MPH)
|
| Top of the 3rd over - 0 runs, 0 hits, 0 errors, 0 left on base; Columbus 1 - Buffalo 2 |
| BOTTOM OF THE 3RD |
|
Buffalo Bisons batting - Pitching for Columbus Clippers : LHP Brooks Carey
|
|
Batting: SHB George D Wright
|
0-0: Fly out, F9 (Flyball, 9D, EV 96.9 MPH)
|
|
Batting: LHB Gary Rajsich
|
0-0: Fly out, F4 (Popup, 4, EV 58.8 MPH)
|
|
Batting: LHB Phillip Baskerville
|
0-0: Ball 1-0: Called Strike 1-1: Swinging Strike 1-2: Foul Ball, location: 2F 1-2: Foul Ball, location: 2F 1-2: Ball 2-2: Foul Ball, location: 2F 2-2: Foul Ball, location: 2F 2-2: Foul Ball, location: 2F 2-2: Foul Ball, location: 2F 2-2: Foul Ball, location: 2F 2-2: Strikes out swinging
|
| Bottom of the 3rd over - 0 runs, 0 hits, 0 errors, 0 left on base; Columbus 1 - Buffalo 2 |
| TOP OF THE 4TH |
|
Columbus Clippers batting - Pitching for Buffalo Bisons : RHP Jeff Reardon
|
|
Batting: LHB George Kaage
|
0-0: Ball 1-0: SINGLE (Line Drive, 78S, EV 94.4 MPH)
|
|
Batting: RHB Pedro Guerrero
|
0-0: Ball 1-0: Ball 2-0: Ball 3-0: Fly out, F3 (Flyball, 3D, EV 73.8 MPH)
|
|
Batting: RHB Rod Allen
|
0-0: Foul Ball, location: 2F 0-1: SINGLE (Line Drive, 56D, EV 101.9 MPH) George Kaage to second
|
|
Batting: LHB Barry Butera
|
0-0: Called Strike 0-1: Foul Ball, location: 2F 0-2: Strikes out swinging
|
|
Batting: LHB Gene Gentile
|
0-0: Ball 1-0: Ball 2-0: Fly out, F5 (Line Drive, 5, EV 76.9 MPH)
|
| Top of the 4th over - 0 runs, 2 hits, 0 errors, 2 left on base; Columbus 1 - Buffalo 2 |
| BOTTOM OF THE 4TH |
|
Buffalo Bisons batting - Pitching for Columbus Clippers : LHP Brooks Carey
|
|
Batting: LHB Bob Skube
|
0-0: Ball 1-0: Fly out, F8 (Flyball, 8RS, EV 88.8 MPH)
|
|
Batting: RHB John Seefried
|
0-0: Called Strike 0-1: Called Strike 0-2: Ball 1-2: Fly out, F8 (Flyball, 8RD, EV 106.9 MPH)
|
|
Batting: SHB George Zeber
|
0-0: Ball 1-0: Called Strike 1-1: Fly out, F7 (Line Drive, 7, EV 111.3 MPH)
|
| Bottom of the 4th over - 0 runs, 0 hits, 0 errors, 0 left on base; Columbus 1 - Buffalo 2 |
| TOP OF THE 5TH |
|
Columbus Clippers batting - Pitching for Buffalo Bisons : RHP Jeff Reardon
|
|
Batting: RHB Larry Bowie
|
0-0: Called Strike 0-1: Ball 1-1: Foul Ball, location: 2F 1-2: Foul Ball, location: 2F 1-2: Ball 2-2: Strikes out swinging
|
|
Batting: RHB Alex Taveras
|
0-0: Swinging Strike 0-1: Ball 1-1: Foul Ball, location: 2F 1-2: SINGLE (Line Drive, 9S, EV 97.5 MPH)
|
|
Batting: LHB Jordan Medrano
|
0-0: Called Strike 0-1: Ball 1-1: SINGLE (Groundball, 4D, EV 96.3 MPH) Alex Taveras to second Runner from 2nd tries for 3rd, SAFE, no throw by CF
|
|
Batting: RHB David Hall
|
0-0: Ball 1-0: Fielders Choice at 2nd, 6-4 (Groundball, 6, EV 84.4 MPH) Alex Taveras scores
|
|
Batting: LHB George Kaage
|
0-0: Ball Wild Pitch! David Hall to second 1-0: Foul Ball, location: 2F 1-1: Ball 2-1: Foul Ball, location: 2F 2-2: Foul Ball, location: 2F 2-2: Ball 3-2: Ground out 4-3 (Groundball, 4, EV 81.3 MPH)
|
| Top of the 5th over - 1 run, 2 hits, 0 errors, 1 left on base; Columbus 2 - Buffalo 2 |
| BOTTOM OF THE 5TH |
|
Buffalo Bisons batting - Pitching for Columbus Clippers : LHP Brooks Carey
|
|
Batting: RHB Jaeden Rose
|
0-0: Ball 1-0: Foul Ball, location: 2F 1-1: Foul Ball, location: 2F 1-2: Fly out, F8 (Flyball, 8LS, EV 95.6 MPH)
|
|
Batting: RHB Juan Villa
|
0-0: Ball 1-0: Foul Ball, location: 2F 1-1: Called Strike 1-2: Ball 2-2: Ball 3-2: Foul Ball, location: 2F 3-2: Foul Ball, location: 2F 3-2: SINGLE (Groundball, 4M, EV 101.9 MPH)
|
|
Batting: RHB Carlos Matamoros
|
0-0: Called Strike 0-1: Ball 1-1: Ball Juan Villa is caught stealing 2nd base 2-4 2-1: Foul Ball, location: 2F 2-2: Fly out, F4 (Popup, 4, EV 58.8 MPH)
|
| Bottom of the 5th over - 0 runs, 1 hit, 0 errors, 0 left on base; Columbus 2 - Buffalo 2 |
| TOP OF THE 6TH |
|
Columbus Clippers batting - Pitching for Buffalo Bisons : RHP Jeff Reardon
|
|
Batting: RHB Pedro Guerrero
|
0-0: Ball 1-0: Foul Ball, location: 2F 1-1: Ball 2-1: SINGLE (Line Drive, 8RS, EV 110.6 MPH)
|
|
Batting: RHB Rod Allen
|
0-0: Sac Bunt to 5S - play at first, batter OUT! 5-3 Pedro Guerrero to second
|
|
Batting: LHB Barry Butera
|
0-0: Called Strike 0-1: Foul Ball, location: 2F 0-2: Ball 1-2: Strikes out swinging
|
|
Batting: LHB Gene Gentile
|
0-0: Swinging Strike 0-1: Ball 1-1: Fly out, F7 (Line Drive, 7, EV 89.4 MPH)
|
| Top of the 6th over - 0 runs, 1 hit, 0 errors, 1 left on base; Columbus 2 - Buffalo 2 |
| BOTTOM OF THE 6TH |
|
Buffalo Bisons batting - Pitching for Columbus Clippers : LHP Brooks Carey
|
|
Batting: SHB George D Wright
|
0-0: Called Strike 0-1: Ball 1-1: Fly out, F4 (Popup, 34D, EV 51.9 MPH)
|
|
Batting: LHB Gary Rajsich
|
0-0: Called Strike 0-1: Foul Ball, location: 2F 0-2: Ball 1-2: DOUBLE (Line Drive, 9LS, EV 103.1 MPH)
|
|
Batting: LHB Phillip Baskerville
|
0-0: Ball 1-0: Called Strike 1-1: Swinging Strike 1-2: Strikes out swinging
|
|
Batting: LHB Bob Skube
|
0-0: Called Strike 0-1: Foul Ball, location: 2F 0-2: Ball 1-2: Foul Ball, location: 2F 1-2: Foul Ball, location: 2F 1-2: DOUBLE (Line Drive, 9D, EV 108.8 MPH) Gary Rajsich scores
|
|
Batting: RHB John Seefried
|
0-0: Called Strike 0-1: SINGLE (Groundball, 56D, EV 104.4 MPH) Bob Skube to third Runner from 3rd tries for Home, SAFE, throw by LF to home
|
|
Batting: SHB George Zeber
|
0-0: Ball 1-0: Called Strike 1-1: Ground out 4-3 (Groundball, 34, EV 101.9 MPH)
|
| Bottom of the 6th over - 2 runs, 3 hits, 0 errors, 1 left on base; Columbus 2 - Buffalo 4 |
| TOP OF THE 7TH |
|
Columbus Clippers batting - Pitching for Buffalo Bisons : RHP Jeff Reardon
|
|
Batting: RHB Larry Bowie
|
0-0: Foul Ball, location: 2F 0-1: Ball 1-1: SOLO HOME RUN (Flyball, 78XD, EV 96.3 MPH), Distance : 403 ft
|
|
Batting: RHB Alex Taveras
|
0-0: Fly out, F8 (Line Drive, 8RM, EV 91.9 MPH)
|
|
Batting: LHB Jordan Medrano
|
0-0: Ball 1-0: Called Strike 1-1: Called Strike 1-2: Foul Ball, location: 2F 1-2: Ball 2-2: Ground out 4-3 (Groundball, 34, EV 90.6 MPH)
|
|
Batting: RHB David Hall
|
0-0: Ball 1-0: Ball 2-0: Fly out, F8 (Flyball, 8RS, EV 79.4 MPH)
|
| Top of the 7th over - 1 run, 1 hit, 0 errors, 0 left on base; Columbus 3 - Buffalo 4 |
| BOTTOM OF THE 7TH |
|
Buffalo Bisons batting - Pitching for Columbus Clippers : LHP Brooks Carey
|
|
Batting: RHB Jaeden Rose
|
0-0: Ball 1-0: Called Strike 1-1: Ball 2-1: Called Strike 2-2: Fly out, F9 (Flyball, 9, EV 86.3 MPH)
|
|
Batting: RHB Juan Villa
|
0-0: Ball 1-0: Ball 2-0: Ball 3-0: Base on Balls
|
|
Batting: RHB Carlos Matamoros
|
0-0: Ball 1-0: Ball 2-0: Called Strike 2-1: Foul Ball, location: 2F 2-2: SINGLE (Flyball, 8RS, EV 86.3 MPH) Juan Villa to second Runner from 2nd tries for 3rd, SAFE, throw by CF made to third
|
|
Pitching: LHP Jose Paz
|
|
|
Batting: SHB George D Wright
|
0-0: Called Strike Carlos Matamoros is caught stealing 2nd base 2-4 0-1: Fly out, F3 (Line Drive, 3, EV 68.8 MPH)
|
| Bottom of the 7th over - 0 runs, 1 hit, 0 errors, 1 left on base; Columbus 3 - Buffalo 4 |
| TOP OF THE 8TH |
|
Columbus Clippers batting - Pitching for Buffalo Bisons : RHP Jeff Reardon
|
|
Batting: LHB George Kaage
|
0-0: SINGLE (Flyball, 6MD, EV 93.8 MPH)
|
|
Batting: RHB Pedro Guerrero
|
0-0: Ball 1-0: Fly out, F4 (Flyball, 4MD, EV 88.1 MPH)
|
|
Batting: RHB Rod Allen
|
0-0: Called Strike 0-1: Fielders Choice at 2nd, 1-6 (Groundball, 23, EV 86.3 MPH)
|
|
Batting: LHB Barry Butera
|
0-0: Ball 1-0: Called Strike 1-1: Foul Ball, location: 2F 1-2: Ball 2-2: Foul Ball, location: 2F 2-2: SINGLE (Line Drive, 6MD, EV 106.9 MPH) Rod Allen to second Runner from 2nd tries for 3rd, SAFE, throw by CF made to third
|
|
Batting: LHB Gene Gentile
|
0-0: Ball 1-0: Called Strike 1-1: Foul Ball, location: 2F 1-2: Ball 2-2: SINGLE (Groundball, 56D, EV 101.9 MPH) Rod Allen scores Barry Butera to second
|
|
Batting: RHB Larry Bowie
|
0-0: Ball 1-0: Ball 2-0: Fly out, F5 (Popup, 56S, EV 86.9 MPH)
|
| Top of the 8th over - 1 run, 3 hits, 0 errors, 2 left on base; Columbus 4 - Buffalo 4 |
| BOTTOM OF THE 8TH |
|
Buffalo Bisons batting - Pitching for Columbus Clippers : LHP Jose Paz
|
|
Batting: LHB Gary Rajsich
|
0-0: Ball 1-0: Fly out, F7 (Flyball, 7, EV 83.8 MPH)
|
|
Batting: LHB Phillip Baskerville
|
0-0: Swinging Strike 0-1: Called Strike 0-2: Ball 1-2: Ball 2-2: Ball 3-2: Foul Ball, location: 2F 3-2: SINGLE (Groundball, 34S, EV 65.0 MPH) (infield hit)
|
|
Batting: LHB Bob Skube
|
0-0: Ball 1-0: SINGLE (Line Drive, 56D, EV 100.6 MPH) Phillip Baskerville to second
|
|
Batting: RHB John Seefried
|
0-0: Fly out, F8 (Line Drive, 8RM, EV 90.0 MPH)
|
|
Batting: SHB George Zeber
|
0-0: Swinging Strike 0-1: Ball 1-1: Ground out 5-3 (Groundball, 56S, EV 83.8 MPH)
|
| Bottom of the 8th over - 0 runs, 2 hits, 0 errors, 2 left on base; Columbus 4 - Buffalo 4 |
| TOP OF THE 9TH |
|
Columbus Clippers batting - Pitching for Buffalo Bisons : RHP Jeff Reardon
|
|
Pitching: LHP Bob Ojeda
|
|
|
Batting: RHB Alex Taveras
|
0-0: Ball 1-0: Foul Ball, location: 2F 1-1: Ball 2-1: Ball 3-1: Called Strike 3-2: Foul Ball, location: 2F 3-2: Foul Ball, location: 2F 3-2: Fly out, F8 (Flyball, 8RS, EV 83.1 MPH)
|
|
Pinch Hitting: SHB Larry Hyman
|
0-0: Swinging Strike 0-1: Called Strike 0-2: Ball 1-2: Ball 2-2: Strikes out looking
|
|
Batting: RHB David Hall
|
0-0: Ball 1-0: Swinging Strike 1-1: Called Strike 1-2: Foul Ball, location: 2F 1-2: Ball 2-2: Strikes out swinging
|
| Top of the 9th over - 0 runs, 0 hits, 0 errors, 0 left on base; Columbus 4 - Buffalo 4 |
| BOTTOM OF THE 9TH |
|
Buffalo Bisons batting - Pitching for Columbus Clippers : LHP Jose Paz
|
|
Now at 2B: LaRue Washington
|
|
|
Batting: RHB Jaeden Rose
|
0-0: Ball 1-0: Ball 2-0: Ground out 4-3 (Groundball, 34, EV 84.4 MPH)
|
|
Batting: RHB Juan Villa
|
0-0: Called Strike 0-1: Ball 1-1: Ball 2-1: Reached on error, E5 (Groundball, 5L, EV 103.1 MPH)
|
|
Batting: RHB Carlos Matamoros
|
0-0: Ball 1-0: Sac Bunt to P - play at first, batter OUT! 1-4 Juan Villa to second
|
|
Batting: SHB George D Wright
|
0-0: Intentional Walk
|
|
Batting: LHB Gary Rajsich
|
0-0: Ball 1-0: Foul Ball, location: 2F 1-1: Ball 2-1: Ball 3-1: Base on Balls Juan Villa to third George D Wright to second
|
|
Batting: LHB Phillip Baskerville
|
0-0: Called Strike 0-1: Called Strike 0-2: Ball 1-2: Foul Ball, location: 2F 1-2: Ball 2-2: Strikes out swinging
|
| Bottom of the 9th over - 0 runs, 0 hits, 1 error, 3 left on base; Columbus 4 - Buffalo 4 |
| TOP OF THE 10TH |
|
Columbus Clippers batting - Pitching for Buffalo Bisons : LHP Bob Ojeda
|
|
Batting: LHB George Kaage
|
0-0: Ball 1-0: Called Strike 1-1: Ball 2-1: Foul Ball, location: 2F 2-2: Ground out 6-3 (Groundball, 6M, EV 81.3 MPH)
|
|
Batting: RHB Pedro Guerrero
|
0-0: Called Strike 0-1: Ball 1-1: Called Strike 1-2: Fly out, F8 (Flyball, 89D, EV 83.1 MPH)
|
|
Batting: RHB Rod Allen
|
0-0: Called Strike 0-1: Foul Ball, location: 2F 0-2: Ball 1-2: Ball 2-2: Strikes out swinging
|
| Top of the 10th over - 0 runs, 0 hits, 0 errors, 0 left on base; Columbus 4 - Buffalo 4 |
| BOTTOM OF THE 10TH |
|
Buffalo Bisons batting - Pitching for Columbus Clippers : LHP Jose Paz
|
|
Pitching: RHP Jeff Cornell
|
|
|
Batting: LHB Bob Skube
|
0-0: Ball 1-0: Ball 2-0: Called Strike 2-1: Ground out U3 (Groundball, 34, EV 104.4 MPH)
|
|
Pinch Hitting: LHB Doe Boyland
|
0-0: Ground out 5-3 (Groundball, 5, EV 79.4 MPH)
|
|
Batting: SHB George Zeber
|
0-0: Called Strike 0-1: Swinging Strike 0-2: Strikes out swinging
|
| Bottom of the 10th over - 0 runs, 0 hits, 0 errors, 0 left on base; Columbus 4 - Buffalo 4 |
| TOP OF THE 11TH |
|
Columbus Clippers batting - Pitching for Buffalo Bisons : LHP Bob Ojeda
|
|
Pitching: RHP John Stuper
|
|
|
Now at 3B: Stephen Chandler
|
|
|
Batting: LHB Barry Butera
|
0-0: Called Strike 0-1: Ball 1-1: Called Strike 1-2: Strikes out swinging
|
|
Batting: LHB Gene Gentile
|
0-0: Ground out 5-3 (Groundball, 56S, EV 84.4 MPH)
|
|
Pinch Hitting: LHB Denny Porter
|
0-0: Ball 1-0: Ground out 6-3 (Groundball, 6M, EV 96.3 MPH)
|
| Top of the 11th over - 0 runs, 0 hits, 0 errors, 0 left on base; Columbus 4 - Buffalo 4 |
| BOTTOM OF THE 11TH |
|
Buffalo Bisons batting - Pitching for Columbus Clippers : RHP Jeff Cornell
|
|
Now at C: Denny Porter
|
|
|
Pinch Hitting: LHB Kelly Snider
|
0-0: Called Strike 0-1: Foul Ball, location: 2F 0-2: Foul Ball, location: 2F 0-2: SOLO HOME RUN (Flyball, 9LD, EV 96.3 MPH), Distance : 369 ft
|
| Bottom of the 11th over - 1 run, 1 hit, 0 errors, 0 left on base; Columbus 4 - Buffalo 5 |
|